 Dungeon Crawl Stone Soup version 0.21-a0-404-g291f19a (webtiles) character file.

5 zodiak12 the Ruffian (level 1, 16/16 HPs)
             Began as a Draconian Transmuter on Oct 26, 2017.
             Got out of the dungeon alive.
             The game lasted 00:01:07 (135 turns).

zodiak12 the Ruffian (Draconian Transmuter)          Turns: 135, Time: 00:01:07

Health: 16/16      AC:  4    Str: 12    XL:     1   Next: 66%
Magic:  3/3        EV: 12    Int: 13    God:
Gold:   29         SH:  0    Dex: 11    Spells: 3/4 levels left

rFire    . . .     SeeInvis .     - Unarmed
rCold    . . .     Gourm    .   (no shield)
rNeg     . . .     Faith    .   (armour unavailable)
rPois    .         Spirit   .   (helmet restricted)
rElec    .         Reflect  .   (no cloak)
rCorr    .         Harm     .   (no gloves)
MR       .....                  (no boots)
Stlth    +.........             (no amulet)
HPRegen  0.05/turn              (no ring)
MPRegen  0.08/turn              (no ring)

@: no status effects
A: unfitting armour, cold-blooded, AC +4
a: no special abilities


You escaped.
You were not hungry.

You visited 1 branch of the dungeon, and saw 1 of its levels.

You collected 29 gold pieces.

Inventory:

Hand Weapons
 g - a +0 dagger
Missiles
 a - 12 arrows
Scrolls
 e - a scroll of recharging {unknown}
Potions
 d - a potion of resistance {unknown}
Books
 b - a book of Changes

   Spells                             Type                      Level
   a - Beastly Appendage              Transmutation                1
   b - Sticks to Snakes               Transmutation                2
   c - Spider Form                    Transmutation/Poison         3
   d - Ice Form                       Ice/Transmutation            4
   e - Blade Hands                    Transmutation                5
Comestibles
 c - a bread ration
 f - a chunk of flesh


   Skills:
 * Level 1.3 Fighting
 * Level 2.0 Dodging
 - Level 3.0 Unarmed Combat
 + Level 2.1 Spellcasting
 + Level 2.0 Transmutations


You had 3 spell levels left.
You knew the following spells:

 Your Spells              Type           Power        Failure   Level  Hunger
a - Beastly Appendage     Tmut           #.....       11%         1    ##.....


Dungeon Overview and Level Annotations

Branches:
Dungeon (1/15)

Altars:


Innate Abilities, Weirdness & Mutations

Your plain brown scales are hard. (AC +4)
You cannot fit into any form of body armour.
You are cold-blooded and may be slowed by cold attacks.


Message History

You completely miss the rat. The rat misses you.
You hit the rat.
You kill the rat!
Your Dodging skill increases to level 2!
You see here a rat corpse.
You see here a rat corpse.
You butcher the rat corpse.
f - a chunk of flesh
Things that are here:
a dagger; a kobold corpse
g - a dagger You now have 29 gold pieces (gained 17).
Found a scroll labeled KUEGYCVAAF.
HP restored.
There is a staircase leading out of the dungeon here.
You can't go down here!
Are you sure you want to leave the Dungeon?
This will make you lose the game!
Uppercase [Y]es or [N]o only, please.
Are you sure you want to leave the Dungeon?
This will make you lose the game!
You have escaped!

## #####. #.....
#.###. #######
#.# #. ##.....##
#.# #.
##.#####.# #.#
#.
#..8≈8≈8.####.#
#.
#@.≈≈≈≈≈......#
#.
#..8≈8≈8.#....#
#.
##.#####.#....#
#.
##.....#####.#
#.
###########.###.
...........#.
#?####.##.#.
#......##.#.
#..#.###...>


There were no monsters in sight!

Vanquished Creatures
  A giant cockroach (D:1)
  A kobold (D:1)
  A bat (D:1)
  A frilled lizard (D:1)
  2 rats (D:1)
6 creatures vanquished.

Notes
Turn   | Place    | Note
-------+----------+-------------------------------------------
     0 | D:1      | zodiak12 the Draconian Transmuter began the quest for the Orb.
     0 | D:1      | Reached XP level 1. HP: 16/16 MP: 3/3
   135 | D:$      | Got out of the dungeon alive.

Vault maps used:
D:1:      lightli_arrival_statue_moat, minmay_hexomino_u4

Skill      XL: |  1 |
---------------+----+-----
Dodging        | 2 |  2.0
Fighting       | |  1.3
Unarmed Combat | |  3.0
Spellcasting   | |  2.1
Transmutations | |  2.0

Action                   || total
-------------------------++-------
Melee: Unarmed           ||    16
 Cast: Beastly Appendage ||     2
Armor: Skin              ||     6
Dodge: Dodged            ||    11

Table legend:
 A = Spawn XP
 B = Non-spawn XP
 C = Spawn XP percentage of total XP
 D = Spawn monster count
 E = Non-spawn monster count
 F = Spawn count percentage of total count
 G = Total turns spent on level
                    A         B        C        D         E        F      G
               +---------+---------+-------+---------+---------+-------+---------
         Total |       0 |       8 |   0.0 |       0 |       6 |   0.0 |   135
               +---------+---------+-------+---------+---------+-------+---------
           D:1 |       0 |       8 |   0.0 |       0 |       6 |   0.0 |   135
               +---------+---------+-------+---------+---------+-------+---------
